[ AOE2 MATCH · #507273360 ]
UnrankedBurgundians vs Gurjaras
Player's team · WIN
Rival team · LOSS
[ REPLAY ANALYSIS · EXTRACTED FROM THE RECORDED GAME ]
Feudal
—
Castle
—
Imperial
—
| APM avg | 27.1 |
| APM peak | 74 |
| eAPM avg | 13.9 |
| Villagers / military | 78 / 64 |
Focus
⚔️ 31.4% · 🌾 68.6%
Flemish Militia ×40 · Knight ×12 · Spearman ×5 · Battering Ram ×5 · Scout Cavalry ×2
Feudal
—
Castle
—
Imperial
—
| APM avg | 29.4 |
| APM peak | 62 |
| eAPM avg | 16.9 |
| Villagers / military | 78 / 43 |
Focus
⚔️ 38.7% · 🌾 61.3%
Camel Scout ×15 · Elephant Archer ×15 · Scout Cavalry ×7 · Spearman ×4 · Monk ×2
Match map
Initial resources + every placement click. Lines = walls · curves = elevation contours. ◆ gold · ⬟ stone · ● berries · ✦ relic · ◌ wall gap
Your base· ✓ Closed at 21:32 · 30t walls · 1 gate(s)
B1GDUCK69's base· Open — unwalled flank
Smoothed initial terrain · ◌ = detected wall gap · hover for details
Inputs per minute
— vN eRaaz - - B1GDUCK69
Build order — vN eRaaz
First 150 of 191 actions detected
| 0:01 | Queue | Villager (Male) |
| 0:02 | Queue | Villager (Male) |
| 0:02 | Queue | Villager (Male) |
| 0:02 | Queue | Villager (Male) |
| 0:02 | Queue | Villager (Male) |
| 0:04 | Build | House |
| 0:07 | Build | House |
| 1:25 | Queue | Villager (Male) |
| 1:25 | Queue | Villager (Male) |
| 1:48 | Queue | Villager (Male) |
| 1:48 | Queue | Villager (Male) |
| 2:13 | Build | Lumber Camp |
| 2:30 | Queue | Villager (Male) |
| 2:30 | Queue | Villager (Male) |
| 2:46 | Build | House |
| 2:54 | Build | House |
| 2:59 | Queue | Villager (Male) |
| 2:59 | Queue | Villager (Male) |
| 3:00 | Queue | Villager (Male) |
| 3:24 | Queue | Villager (Male) |
| 3:24 | Queue | Villager (Male) |
| 3:48 | Queue | Villager (Male) |
| 3:48 | Queue | Villager (Male) |
| 4:16 | Queue | Villager (Male) |
| 4:16 | Queue | Villager (Male) |
| 4:42 | Queue | Villager (Male) |
| 4:42 | Queue | Villager (Male) |
| 5:22 | Queue | Villager (Male) |
| 5:22 | Queue | Villager (Male) |
| 5:22 | Queue | Villager (Male) |
| 5:22 | Queue | Villager (Male) |
| 5:28 | Research | Loom |
| 6:17 | Build | Mill |
| 7:11 | Research | Feudal Age |
| 7:33 | Build | Barracks |
| 7:36 | Build | House |
| 7:41 | Queue | Villager (Male) |
| 8:34 | Queue | Villager (Male) |
| 8:39 | Build | House |
| 9:24 | Build | Stable |
| 9:26 | Build | House |
| 9:29 | Build | Palisade Wall |
| 9:35 | Build | Palisade Wall |
| 9:37 | Queue | Villager (Male) |
| 9:40 | Research | Double-Bit Axe |
| 10:35 | Queue | Villager (Male) |
| 10:35 | Queue | Villager (Male) |
| 10:51 | Build | Palisade Wall |
| 10:55 | Build | House |
| 10:57 | Research | Wheelbarrow |
| 10:59 | Queue | Villager (Male) |
| 11:00 | Queue | Villager (Male) |
| 11:05 | Build | Farm |
| 11:09 | Queue | Scout Cavalry |
| 11:10 | Queue | Scout Cavalry |
| 11:24 | Queue | Villager (Male) |
| 11:38 | Build | Blacksmith |
| 11:42 | Queue | Flemish Militia |
| 12:14 | Build | House |
| 12:16 | Queue | Villager (Male) |
| 12:32 | Build | Palisade Wall |
| 12:34 | Queue | Villager (Male) |
| 12:36 | Queue | Villager (Male) |
| 12:41 | Build | Farm |
| 12:41 | Build | Farm |
| 12:42 | Build | Farm |
| 12:45 | Build | Farm |
| 12:46 | Build | Farm |
| 12:46 | Build | Farm |
| 12:46 | Build | Farm |
| 12:52 | Build | Palisade Wall |
| 12:56 | Build | Palisade Gate |
| 13:07 | Queue | Villager (Male) |
| 13:15 | Build | Palisade Wall |
| 13:24 | Build | Farm |
| 13:24 | Build | Farm |
| 13:25 | Build | Farm |
| 13:26 | Queue | Villager (Male) |
| 13:53 | Queue | Spearman |
| 13:55 | Queue | Flemish Militia |
| 13:55 | Queue | Flemish Militia |
| 14:04 | Build | Mining Camp |
| 14:17 | Queue | Villager (Male) |
| 14:24 | Research | Horse Collar |
| 14:52 | Queue | Spearman |
| 14:57 | Queue | Villager (Male) |
| 14:58 | Queue | Villager (Male) |
| 15:06 | Build | Lumber Camp |
| 15:38 | Build | Farm |
| 15:40 | Queue | Villager (Male) |
| 15:42 | Queue | Villager (Male) |
| 15:47 | Queue | Villager (Male) |
| 16:01 | Queue | Spearman |
| 16:02 | Queue | Spearman |
| 16:04 | Queue | Villager (Male) |
| 16:09 | Research | Bow Saw |
| 16:17 | Build | Farm |
| 16:17 | Build | Farm |
| 16:18 | Build | Farm |
| 16:18 | Build | Farm |
| 16:18 | Build | Farm |
| 16:57 | Build | House |
| 17:09 | Queue | Spearman |
| 17:18 | Build | House |
| 17:21 | Build | House |
| 17:41 | Queue | Flemish Militia |
| 17:41 | Queue | Flemish Militia |
| 17:51 | Build | House |
| 17:59 | Build | Market |
| 18:02 | Build | House |
| 18:23 | Queue | Villager (Male) |
| 18:23 | Queue | Villager (Male) |
| 18:23 | Queue | Villager (Male) |
| 18:31 | Build | House |
| 19:06 | Build | Farm |
| 19:06 | Build | Farm |
| 19:06 | Build | Farm |
| 19:06 | Build | Farm |
| 19:07 | Build | Farm |
| 19:26 | Research | Heavy Plow |
| 20:04 | Queue | Villager (Male) |
| 20:05 | Queue | Villager (Male) |
| 20:05 | Queue | Villager (Male) |
| 20:16 | Build | Stable |
| 20:24 | Build | House |
| 20:26 | Queue | Villager (Male) |
| 21:03 | Build | Farm |
| 21:03 | Build | Farm |
| 21:10 | Build | Farm |
| 21:10 | Build | Farm |
| 21:10 | Build | Farm |
| 21:19 | Build | Farm |
| 21:19 | Build | Farm |
| 21:19 | Build | Farm |
| 21:32 | Research | Castle Age |
| 22:03 | Build | Farm |
| 22:03 | Build | Farm |
| 22:11 | Build | Stable |
| 22:21 | Research | Scale Barding Armor |
| 22:42 | Research | Gold Mining |
| 22:54 | Queue | Flemish Militia |
| 22:54 | Queue | Flemish Militia |
| 23:03 | Research | Forging |
| 23:30 | Build | House |
| 23:33 | Build | House |
| 23:38 | Research | Wheelbarrow |
| 23:42 | Queue | Villager (Male) |
| 23:52 | Queue | Flemish Militia |
| 23:57 | Research | Scale Mail Armor |
| 24:29 | Build | Town Center |
Build order — B1GDUCK69
First 150 of 201 actions detected
| 0:00 | Queue | Villager (Male) ×4 |
| 0:02 | Build | House |
| 0:03 | Build | House |
| 0:19 | Build | Mill |
| 1:34 | Queue | Villager (Male) |
| 1:34 | Queue | Villager (Male) |
| 2:14 | Queue | Villager (Male) |
| 2:19 | Queue | Villager (Male) |
| 2:41 | Queue | Villager (Male) ×2 |
| 3:18 | Queue | Villager (Male) |
| 3:52 | Queue | Villager (Male) |
| 4:20 | Build | House |
| 4:21 | Queue | Villager (Male) |
| 4:21 | Queue | Villager (Male) |
| 4:52 | Build | Lumber Camp |
| 4:58 | Queue | Villager (Male) |
| 5:59 | Queue | Villager (Male) |
| 6:32 | Queue | Villager (Male) |
| 6:33 | Research | Loom |
| 7:24 | Research | Feudal Age |
| 7:35 | Build | House |
| 8:00 | Build | Farm |
| 8:01 | Build | Farm |
| 8:25 | Build | Barracks |
| 8:38 | Queue | Villager (Male) |
| 8:38 | Queue | Villager (Male) |
| 9:59 | Build | Stable |
| 10:38 | Build | Palisade Wall |
| 10:40 | Queue | Scout Cavalry |
| 10:47 | Queue | Villager (Male) |
| 10:54 | Queue | Villager (Male) |
| 10:54 | Queue | Villager (Male) |
| 11:18 | Queue | Scout Cavalry |
| 11:19 | Queue | Villager (Male) |
| 11:22 | Build | Mining Camp |
| 11:24 | Queue | Villager (Male) |
| 11:36 | Build | House |
| 11:40 | Build | House |
| 12:08 | Queue | Scout Cavalry |
| 12:10 | Queue | Camel Scout |
| 12:24 | Queue | Villager (Male) |
| 12:25 | Build | Farm |
| 12:26 | Build | Farm |
| 12:30 | Build | Farm |
| 12:32 | Queue | Villager (Male) |
| 12:39 | Research | Double-Bit Axe |
| 12:39 | Research | Double-Bit Axe |
| 12:44 | Queue | Camel Scout |
| 13:07 | Queue | Camel Scout |
| 13:13 | Queue | Villager (Male) |
| 13:18 | Build | Farm |
| 13:18 | Queue | Villager (Male) |
| 13:53 | Queue | Spearman |
| 13:53 | Queue | Villager (Male) |
| 13:54 | Queue | Villager (Male) |
| 13:56 | Build | Farm |
| 13:56 | Build | Farm |
| 13:57 | Build | Farm |
| 13:59 | Build | Farm |
| 14:08 | Build | House |
| 14:18 | Queue | Scout Cavalry |
| 14:30 | Queue | Camel Scout |
| 14:38 | Queue | Villager (Male) |
| 14:52 | Build | Palisade Wall |
| 14:55 | Build | House |
| 14:56 | Build | House |
| 15:10 | Queue | Spearman |
| 15:11 | Queue | Spearman |
| 15:11 | Queue | Spearman |
| 15:17 | Queue | Camel Scout |
| 16:11 | Queue | Villager (Male) |
| 16:15 | Build | House |
| 16:18 | Research | Wheelbarrow |
| 17:24 | Queue | Scout Cavalry |
| 17:25 | Queue | Scout Cavalry |
| 17:32 | Queue | Villager (Male) |
| 17:32 | Queue | Villager (Male) |
| 17:32 | Queue | Villager (Male) |
| 17:38 | Queue | Villager (Male) |
| 17:42 | Build | Blacksmith |
| 18:17 | Build | House |
| 18:35 | Build | House |
| 18:37 | Queue | Villager (Male) |
| 18:37 | Queue | Villager (Male) |
| 19:15 | Build | House |
| 19:16 | Build | House |
| 19:19 | Build | Palisade Wall |
| 19:20 | Build | Palisade Wall |
| 19:22 | Build | Palisade Wall |
| 19:25 | Queue | Villager (Male) |
| 19:31 | Build | Farm |
| 19:31 | Build | Farm |
| 19:31 | Build | Farm |
| 19:31 | Build | Farm |
| 19:32 | Build | Farm |
| 19:32 | Build | Farm |
| 19:37 | Build | Market |
| 19:44 | Queue | Villager (Male) |
| 19:56 | Queue | Scout Cavalry |
| 20:06 | Build | House |
| 21:04 | Research | Castle Age |
| 21:09 | Build | House |
| 21:12 | Build | Palisade Wall |
| 21:38 | Build | Archery Range |
| 21:41 | Build | Archery Range |
| 21:45 | Research | Padded Archer Armor |
| 21:46 | Research | Fletching |
| 22:03 | Research | Bloodlines |
| 22:26 | Build | Palisade Wall |
| 22:32 | Build | House |
| 22:34 | Build | House |
| 22:37 | Build | House |
| 22:39 | Build | House |
| 22:47 | Research | Horse Collar |
| 23:04 | Queue | Villager (Male) |
| 23:04 | Queue | Villager (Male) |
| 23:45 | Queue | Elephant Archer |
| 23:45 | Queue | Elephant Archer |
| 23:45 | Queue | Elephant Archer |
| 23:46 | Queue | Elephant Archer |
| 24:04 | Research | Bodkin Arrow |
| 24:07 | Queue | Elephant Archer |
| 24:08 | Queue | Elephant Archer |
| 24:10 | Queue | Villager (Male) |
| 24:13 | Queue | Villager (Male) |
| 24:22 | Build | Town Center |
| 24:24 | Queue | Villager (Male) |
| 24:41 | Queue | Villager (Male) |
| 24:44 | Build | Farm |
| 24:57 | Queue | Elephant Archer |
| 24:59 | Queue | Elephant Archer |
| 25:20 | Queue | Elephant Archer |
| 25:32 | Build | Farm |
| 25:33 | Build | Farm |
| 25:33 | Build | Farm |
| 25:34 | Build | Farm |
| 25:39 | Queue | Villager (Male) |
| 25:39 | Queue | Villager (Male) |
| 26:14 | Queue | Elephant Archer |
| 26:32 | Queue | Villager (Male) |
| 26:32 | Queue | Villager (Male) |
| 26:36 | Queue | Villager (Male) ×5 |
| 26:38 | Queue | Elephant Archer |
| 26:48 | Queue | Villager (Male) |
| 26:53 | Build | House |
| 26:54 | Build | House |
| 26:55 | Build | Palisade Wall |
| 26:56 | Build | Palisade Wall |
| 26:59 | Queue | Elephant Archer |
| 27:07 | Build | Town Center |
Match timeline
| 7:33 | vN eRaaz · first_building Barracks |
| 8:25 | B1GDUCK69 · first_building Barracks |
| 9:24 | vN eRaaz · first_building Stable |
| 9:29 | vN eRaaz · wall_segment Palisade Wall x3 |
| 9:35 | vN eRaaz · wall_segment Palisade Wall x5 |
| 9:59 | B1GDUCK69 · first_building Stable |
| 10:38 | B1GDUCK69 · wall_segment Palisade Wall x1 |
| 10:51 | vN eRaaz · wall_segment Palisade Wall x1 |
| 12:32 | vN eRaaz · wall_segment Palisade Wall x7 |
| 12:52 | vN eRaaz · wall_segment Palisade Wall x11 |
| 13:15 | vN eRaaz · wall_segment Palisade Wall x3 |
| 14:52 | B1GDUCK69 · wall_segment Palisade Wall x11 |
| 19:19 | B1GDUCK69 · wall_segment Palisade Wall x1 |
| 19:20 | B1GDUCK69 · wall_segment Palisade Wall x1 |
| 19:22 | B1GDUCK69 · wall_segment Palisade Wall x1 |
| 20:51 | B1GDUCK69 · first_market_buy 100 food |
| 20:53 | B1GDUCK69 · first_market_sell 100 wood |
| 21:12 | B1GDUCK69 · wall_segment Palisade Wall x8 |
| 21:38 | B1GDUCK69 · first_building Archery Range |
| 22:26 | B1GDUCK69 · wall_segment Palisade Wall x5 |
| 26:11 | vN eRaaz · first_market_buy 100 wood |
| 26:39 | vN eRaaz · first_building Siege Workshop |
| 26:55 | B1GDUCK69 · wall_segment Palisade Wall x1 |
| 26:56 | B1GDUCK69 · wall_segment Palisade Wall x1 |
| 29:22 | vN eRaaz · first_market_sell 100 food |
| 30:14 | B1GDUCK69 · first_building Monastery |
| 30:26 | B1GDUCK69 · wall_segment Stone Wall x2 |
| 30:45 | B1GDUCK69 · wall_segment Stone Wall x3 |
| 32:10 | B1GDUCK69 · wall_segment Stone Wall x1 |
| 32:24 | B1GDUCK69 · wall_segment Stone Wall x3 |
| 32:45 | B1GDUCK69 · resign |
[ AI ANALYSIS · 1 CREDIT ]
What really happened in this match?
Wolo.gg analyzes every decision: build order, eco, micro, common mistakes by bracket. Personalized analysis on WhatsApp or Discord in 30 seconds.
Civ guide
Burgundians
Perfil
vN eRaaz